 Dungeon Crawl Stone Soup version 0.28-a0-723-g095bd1b (webtiles) character file.

Game seed: 10074438879859095831

195 NeededCrab the Sneak (level 5, -10/31 HPs)
             Began as a Vampire Monk on Oct 25, 2021.
             Mangled by an iguana (11 damage)
             ... on level 3 of the Dungeon.
             The game lasted 00:10:59 (4435 turns).

NeededCrab the Sneak (Vampire Monk)                 Turns: 4435, Time: 00:11:00

Health: -10/31     AC:  2    Str: 10    XL:     5   Next: 45%
Magic:  5/5        EV: 14    Int: 13    God:
Gold:   92         SH:  0    Dex: 17    Spells: 4/4 levels left

rFire   . . .      SeeInvis +   a - +0 short sword
rCold   + + .      Faith    .   (no shield)
rNeg    + + +      Spirit   .   e - +0 robe
rPois   ∞          Reflect  .   (no helmet)
rElec   .          Harm     .   (no cloak)
rCorr   .          Rampage  .   (no gloves)
Will    .....                   (no boots)
Stlth   +++++.....              (no amulet)
HPRegen 0.00/turn               (no ring)
MPRegen 0.09/turn               (no ring)

@: bloodless, inhibited regen
A: bloodless, fangs 3, see invisible, vampiric 2
a: Bat Form, Revivify


You were on level 3 of the Dungeon.
You visited 1 branch of the dungeon, and saw 4 of its levels.

You collected 92 gold pieces.

Inventory:

Hand Weapons
 a - a +0 short sword (weapon)
 b - a +0 dagger
Armour
 e - a +0 robe (worn)
 l - a +0 leather armour
 n - a +0 scale mail of willpower
Scrolls
 c - 3 scrolls of magic mapping
 f - 2 scrolls of blinking {unknown}
 g - 3 scrolls of identify {unknown}
 i - a scroll of noise {unknown}
 j - 2 scrolls of teleportation {unknown}
 k - a scroll of fear {unknown}
 o - a scroll of amnesia {unknown}
Potions
 d - a potion of berserk rage {unknown}
 h - 2 potions of might {unknown}
 m - a potion of flight {unknown}


   Skills:
 - Level 2.6 Fighting
 * Level 5.1 Short Blades
 + Level 4.2 Dodging
 * Level 6.0 Stealth


You had 4 spell levels left.
You didn't know any spells.
Your spell library contained the following spells:

 Spells                   Type           Power      Damage    Failure   Level
 Animate Skeleton         Necr           0%         N/A       30%         1
 Pain                     Necr           0%         1d4       30%         1
 Shock                    Conj/Air       0%         1d3       30%         1
 Inner Flame              Hex/Fire       0%         N/A       67%         3
 Swiftness                Air            0%         N/A       67%         3
 Vampiric Draining        Necr           0%         2d6       67%         3
 Airstrike                Air            0%         N/A       97%         4
 Cause Fear               Hex            0%         N/A       97%         4
 Discord                  Hex            0%         N/A       100%        8


Dungeon Overview and Level Annotations

Branches:
Dungeon (4/15)
 Temple: D:4-7

Altars:
Cheibriados


Innate Abilities, Weirdness & Mutations

You do not regenerate when monsters are visible.
You are frail without blood (-20% HP).
You can heal yourself when you bite living creatures.
You are immune to poison.
You have razor-sharp teeth.
You have supernaturally acute eyesight. (SInv)
You are afflicted with vampirism and can become a bat while bloodless.


Message History

a - a +0 short sword (weapon)
The iguana bites you. The kobold barely misses you.
You climb upwards.
There is a stone staircase leading down here.
The iguana misses you.
There is an open door, spattered with blood here.
The kobold throws a stone.
The stone hits you but does no damage.
You closely miss the iguana. You closely miss the iguana. The iguana bites you.
You hit the iguana. You bite the iguana.
You draw the iguana's blood!
You feel better.
The iguana is moderately wounded.
The iguana bites you but does no damage.
You closely miss the iguana.
The iguana is moderately wounded.
The iguana bites you.
You hit the iguana but do no damage.
The iguana is moderately wounded.
The iguana bites you!
You barely miss the iguana. You bite the iguana.
You draw the iguana's blood!
You feel better.
The iguana is heavily wounded.
The iguana closely misses you.
You hit the iguana but do no damage.
The iguana is heavily wounded.
The iguana barely misses you.
You hit the iguana but do no damage.
The iguana is heavily wounded.
You hit the iguana.
The iguana is severely wounded.
The iguana bites you!
* * * LOW HITPOINT WARNING * * *
You hit the iguana.
The iguana is almost dead.
The iguana hisses menacingly.
The iguana misses you.
You hit the iguana.
The iguana is almost dead.
The iguana bites you!
You die...

.♣
#.......#...#........##
.♣
#########...########..#
.♣ #...# ##.# .♣ #...#
#..# .♣ #...# #.## .♣
#### #...# #.## .♣♣
#..#### #...### #..#
(#♣♣♣♣♣♣♣#.....####...#.#
##.#
≈........'....Kl@...###.#
#.#
≈........'.....##.####..#
#.# .#♣♣♣♣♣♣♣#........#
#.## #.# .♣♣ #......###
#.# ##.# .♣
#..##########.# #..# (♣
##.....#.....#.# #.## .♣
#<.....'.....#.# #.# .♣
#.##8..'...._#.# #.## .♣
#......'.....#.# #..#


You could see an iguana and a kobold.

Vanquished Creatures
  A bullfrog (D:3)
  An iron imp (D:3)
  3 adders (D:2)
  An ufetubus (D:4)
  A worm (D:2)
  A dart slug (D:2)
  6 orcs
  8 bats
  2 endoplasms
  2 giant cockroaches
  9 goblins
  7 hobgoblins
  2 jackals
  4 kobolds
  A quokka (D:1)
  7 ball pythons
  4 frilled lizards
  2 rats
62 creatures vanquished.

Notes
Turn   | Place    | Note
-------+----------+-------------------------------------------
     0 | D:1      | NeededCrab the Vampire Monk began the quest for the Orb.
     0 | D:1      | Reached XP level 1. HP: 17/17 MP: 1/1
   108 | D:1      | Found a faded altar of an unknown god.
   290 | D:1      | Reached XP level 2. HP: 20/23 MP: 2/2
   852 | D:2      | Gained mutation: You are afflicted with vampirism and can
                  | become a bat while bloodless. [Vampire growth]
   852 | D:2      | Reached XP level 3. HP: 25/28 MP: 3/3
   932 | D:2      | Reached skill level 4 in Stealth
  1546 | D:2      | HP: 1/22 [adder (1)]
  1988 | D:2      | Reached XP level 4. HP: 27/27 MP: 4/4
  2229 | D:3      | Found a snail-covered altar of Cheibriados.
  2236 | D:3      | Reached skill level 5 in Stealth
  4016 | D:4      | Noticed a bullfrog
  4032 | D:3      | Killed a bullfrog
  4033 | D:3      | Reached skill level 5 in Short Blades
  4033 | D:3      | Reached XP level 5. HP: 2/31 MP: 5/5
  4336 | D:4      | Reached skill level 6 in Stealth
  4433 | D:3      | HP: 1/31 [iguana (13)]
  4435 | D:3      | Mangled by an iguana

Illustrated notes

Levels and vault maps discovered:
D:1:      dpeg_arrival_erosion, layout_basic, shapermc_ecumenical_altar_pompeii,
          serial_glass, glass_columns_a, glass_columns_b, glass_columns_b,
          glass_columns_b, glass_columns_a, glass_columns_a, glass_columns_c,
          glass_columns_a
D:2:      layout_basic
D:3:      kennysheep_big_flooded_room, layout_basic, slow_altar_2,
          serial_co_window_serial, co_window_paths_a, co_window_corner_a,
          co_window_paths_a, co_window_paths_b, co_window_corner_a,
          co_window_corner_a, co_window_cross_3, co_window_unsneaky_path_c,
          co_window_corner_ca, co_window_paths_c, co_window_corner_ca
D:4:      layout_cave_pools, minmay_temple_entry_large_hall, sigmund_army,
          uniq_menkaure

Skill      XL: |  1  2  3  4  5 |
---------------+----------------+-----
Short Blades   | 4 5 |  5.1
Stealth        | 4 5 6 |  6.0
Dodging        | 4 |  4.2
Fighting       | |  2.6

Action                   |  1- 3 |  4- 6 || total
-------------------------+-------+-------++-------
Melee: Short sword       |   141 |    75 ||   216
       Bite              |    15 |    14 ||    29
       Dagger            |    17 |    45 ||    62
 Abil: Exsanguinate      |     1 |       ||     1
  Use: Scroll            |       |     1 ||     1
 Stab: Sleeping          |     2 |     9 ||    11
Armor: Robe              |    26 |    17 ||    43
Dodge: Dodged            |    85 |    70 ||   155

Table legend: (Time is in decaauts)
 A = Elapsed time spent in this place.
 B = Non-inter-level travel time spent in this place.
 C = Inter-level travel time spent in this place.
 D = Time resting spent in this place.
 E = Time spent auto-exploring this place.
 F = Levels seen in this place.
 G = Mean time per level.
                   A        B        C        D        E       F      G
               +--------+--------+--------+--------+--------+-----+--------+
         Total |   4385 |   4259 |    126 |   1095 |   2469 |   4 | 1096.2 |
       Dungeon |   4385 |   4259 |    126 |   1095 |   2469 |   4 | 1096.2 |
               +--------+--------+--------+--------+--------+-----+--------+

Top non-repeatable levels by time:
     D:2: 1764 daAuts
     D:3: 1488 daAuts
     D:1: 985 daAuts
     D:4: 147 daAuts
